 Dungeon Crawl Stone Soup version 0.31-a0-1370-gf52a5a9ab3 (webtiles) character file.

Game seed: 12534867953034133531

4784 Laraso the Basher (level 10, -3/87 (92) HPs)
             Began as an Oni Cinder Acolyte on Dec 23, 2023.
             Was a High Priest of Ignis.
             Slain by a sixfirhy (6 damage)
             ... on level 9 of the Dungeon.
             The game lasted 00:18:30 (10222 turns).

Laraso the Basher (Oni Cinder Acolyte)             Turns: 10222, Time: 00:18:32

HP:   -3/87 (92)    AC: 12    Str: 20    XL:     10   Next: 47%
MP:   10/17         EV:  9    Int: 19    God:    Ignis [*****.]
Gold: 451           SH:  0    Dex:  7    Spells: 2/19 levels left

rFire   + . .        a - +9 mace "Bereaner" {holy, Dex+3}
rCold   + . .        (no shield)
rNeg    . . .        v - +0 steam dragon scales
rPois   .            (helmet restricted)
rElec   .            c - +0 cloak
rCorr   .            (gloves unavailable)
SInv    .            (boots unavailable)
Will    .....        (no amulet)
Stlth   +            l - ring of protection from cold
HPRegen 0.34/turn    (no ring)
MPRegen 0.15/turn

%: no passive effects
@: ice-armoured, weak-willed, fugue, jinxed, drained
A: large, unfitting armour, horns 1, tough skin 1, double potion healing,
drunken brawling
a: Renounce Religion, Fiery Armour, Foxfire Swarm, Rising Flame


You were on level 9 of the Dungeon.
You worshipped Ignis.
Ignis was extremely pleased with you.
You visited 2 branches of the dungeon, and saw 10 of its levels.
You also visited: Sewer.

You collected 451 gold pieces.

Inventory:

Hand Weapons
 a - the +9 mace "Bereaner" (weapon) {holy, Dex+3}
   (You found it on level 4 of the Dungeon)

   Dex+3:     It affects your dexterity (+3).
Armour
 c - a +0 cloak (worn)
 v - +0 steam dragon scales (worn)
Jewellery
 l - a ring of protection from cold (left hand)
Wands
 o - a wand of light (4)
 u - a wand of polymorph (5)
Scrolls
 e - a scroll of revelation
 f - 2 scrolls of brand weapon
 k - 4 scrolls of teleportation
 m - a scroll of enchant armour
 q - 2 scrolls of fog
 t - a scroll of butterflies
 w - a scroll of blinking
 y - a scroll of fear {unknown}
 z - a scroll of poison
Potions
 b - 2 potions of degeneration
 d - 3 potions of heal wounds
 g - a potion of might {unknown}
 h - a potion of magic {unknown}
 i - 3 potions of curing
 j - 2 potions of attraction
 n - 5 potions of enlightenment
 p - 2 potions of berserk rage {unknown}
 r - a potion of mutation {unknown}
 s - a potion of haste {unknown}
 x - 2 potions of resistance {unknown}


   Skills:
 - Level 4.0 Fighting
 - Level 12.0 Maces & Flails
 * Level 5.0 Spellcasting
 * Level 1.9 Hexes
 - Level 5.0 Summonings
 * Level 1.9 Necromancy
 - Level 3.0 Translocations
 - Level 4.0 Fire Magic
 * Level 1.9 Ice Magic


You had 2 spell levels left.
You knew the following spells:

 Your Spells              Type           Power      Damage    Failure   Level
a - Scorch                Fire           38%        2d6       3%          2
b - Blink                 Tloc           32%        N/A       5%          2
c - Call Canine Familiar  Summ           23%        N/A       4%          3
d - Call Imp              Summ           46%        N/A       2%          2
e - Jinxbite              Hex            24%        N/A       9%          2
f - Fugue of the Fallen   Necr           12%        N/A       17%         3
w - Ozocubu's Armour      Ice            12%        N/A       17%         3

Your spell library contained the following spells:

 Spells                   Type           Power      Damage    Failure   Level
 Summon Small Mammal      Summ           92%        N/A       1%          1
 Lesser Beckoning         Tloc           32%        N/A       5%          2
 Momentum Strike          Conj/Tloc      20%        3d8       10%         2
 Magic Dart               Conj           16%        1d3       12%         1
 Summon Guardian Golem    Hex/Summ       17%        N/A       9%          3
 Manifold Assault         Tloc           16%        N/A       34%         4
 Passage of Golubria      Tloc           16%        N/A       34%         4
 Vhi's Electric Charge    Tloc/Air       20%        N/A       54%         4
 Silence                  Hex/Air        4%         N/A       93%         5
 Yara's Violent Unravell  Hex/Alch       4%         3d4       93%         5
 Arcjolt                  Conj/Air       2%         1d12      98%         5
 Enfeeble                 Hex            6%         N/A       100%        7
 Lehudib's Crystal Spear  Conj/Erth      2%         10d2      100%        8
 Maxwell's Capacitive Co  Air            2%         ∞         100%        8


Dungeon Overview and Level Annotations

Branches:
Dungeon (9/15)             Temple (1/1) D:6           Sewer (visited)
   Lair: D:8-11         Orc: D:9-12

Altars:
Ashenzari
Cheibriados
Dithmenos
Elyvilon
Fedhas
Gozag
Hepliaklqana
Kikubaaqudgha
Makhleb
Nemelex Xobeh
Okawaru
Qazlal
Ru
Sif Muna
Trog
Uskayaw
Vehumet
Wu Jian
Xom
Yredelemnul
Zin
The Shining One

Shops:
D:1 *(


Innate Abilities, Weirdness & Mutations

You are too large for most types of armour.
You have a pair of small horns on your head.
You have tough skin. (AC +1)
You gain doubled healing and magic from potions.
Whenever you drink a healing potion, you attack all around you.


Message History

The killer bee buzzes angrily.
Casting: Ozocubu's Armour (dangerous; 17% risk of failure)
Confirm with . or Enter, or press ? or * to list all spells.
You call out to the remnants of the fallen!
The killer bee stings something!
Casting: Fugue of the Fallen (dangerous; 17% risk of failure)
Confirm with . or Enter, or press ? or * to list all spells.
You beckon some vexing sprites to accompany your attacks.
You feel your willpower being sapped.
The sixfirhy hits you but does no damage.
The sixfirhy barely misses you. The sixfirhy hits you. The sixfirhy shocks you!
The killer bee stings something!
The sixfirhy barely misses you.
The killer bee stings something!
You hit the sixfirhy.
The sixfirhy convulses.
Your headbutt misses the sixfirhy.
The sixfirhy is lightly wounded.
The sixfirhy barely misses you.
The sixfirhy hits you but does no damage.
The killer bee stings something!
The sixfirhy hits you but does no damage.
You hit the sixfirhy.
The sixfirhy convulses.
The sixfirhy is moderately wounded.
You hit the sixfirhy.
The sixfirhy convulses.
The sixfirhy is heavily wounded.
You closely miss the sixfirhy.
The sixfirhy is heavily wounded.
You miss the sixfirhy.
The sixfirhy is heavily wounded.
The sixfirhy hits you. The sixfirhy shocks you! The sixfirhy hits you.
The sixfirhy shocks you! The sixfirhy hits you. The sixfirhy shocks you!
The sixfirhy hits you. The sixfirhy shocks you!
* * * LOW HITPOINT WARNING * * *
You sock the sixfirhy!
The sixfirhy convulses.
Your punch misses the sixfirhy.
The sixfirhy is almost dead.
The sixfirhy hits you!
* * * LOW HITPOINT WARNING * * *
The sixfirhy shocks you!
* * * LOW HITPOINT WARNING * * *
The sixfirhy hits you.
You die...

##.####..##
# #).# #..#
#..#
#..#####.#
#........#
##.#########
#........[#
#..######@#
#..# #3#
#..#


yy# ...# .♣y. ..... ....# .#...# .. ..# ..#....... ... ### ###. You could see a
sixfirhy and 3 killer bees.

Vanquished Creatures
  Pikel (D:7)
  Joseph (D:8)
  Maggie (D:7)
  A gargoyle (D:9)
  A steam dragon (D:7)
  Menkaure (D:6)
  Pargi (Sewer)
  2 black bears
  2 sky beasts
  2 phantoms
  3 centaurs
  2 lemures (D:6)
  A kobold brigand (Sewer)
  A brain worm (Sewer)
  2 bullfrogs
  2 scorpions
  12 wights
  3 killer bees (D:7)
  2 orc priests (D:8)
  2 gnoll boudas (D:5)
  3 hounds
  Jessica (D:2)
  2 iguanas
  4 orc wizards
  2 sleepcaps
  Robin (D:2)
  9 gnolls
  14 adders
  A white imp (D:6)
  A bombardier beetle (D:6)
  3 ufetubi
  A worm (D:4)
  The ghost of bungle the Covert, a weakling GnDe (D:5)
  3 dart slugs
  14 orcs
  4 ball pythons
  5 bats (D:2)
  9 endoplasms
  8 giant cockroaches
  8 hobgoblins
  6 jackals
  4 quokkas
  5 frilled lizards
  14 goblins
  5 kobolds
  4 rats
175 creatures vanquished.

Vanquished Creatures (collateral kills)
  2 black bears
  An ogre (D:6)
  A bullfrog (D:6)
  A killer bee (D:7)
  An orc wizard (D:5)
  2 gnolls (D:5)
  An adder (D:5)
  An ufetubus (D:5)
10 creatures vanquished.

Grand Total: 185 creatures vanquished

Notes
Turn   | Place    | Note
-------+----------+-------------------------------------------
     0 | D:1      | Laraso the Oni Cinder Acolyte began the quest for the Orb.
     0 | D:1      | Reached XP level 1. HP: 24/24 MP: 2/2
    36 | D:1      | Found Ycrema's Antique Weapon Shop.
    44 | D:1      | Found a faded altar of an unknown god.
   175 | D:1      | Found Tefatiol's Assorted Antiques.
   292 | D:1      | Reached XP level 2. HP: 32/32 MP: 2/4
   295 | D:1      | Learned a level 2 spell: Scorch
   899 | D:2      | Noticed Robin
   911 | D:1      | Reached XP level 3. HP: 22/36 MP: 1/5
  1075 | D:2      | Noticed Jessica
  1078 | D:2      | Killed Jessica
  1079 | D:2      | Reached skill level 4 in Maces & Flails
  1079 | D:2      | Reached XP level 4. HP: 47/48 MP: 2/7
  1167 | D:2      | Killed Robin
  1545 | D:2      | Reached XP level 5. HP: 45/54 MP: 8/8
  2031 | D:3      | Found a glowing drain.
  2044 | Sewer    | Entered a sewer
  2044 | Sewer    | Noticed Pargi
  2048 | Sewer    | Noticed a kobold brigand
  2049 | Sewer    | Killed Pargi
  2050 | Sewer    | Reached skill level 5 in Maces & Flails
  2050 | Sewer    | Reached XP level 6. HP: 58/62 MP: 1/10
  2190 | Sewer    | Reached skill level 6 in Maces & Flails
  2442 | D:3      | You fall into a shaft and drop 1 floor!
  2587 | D:3      | Noticed a black bear
  2594 | D:3      | Killed a black bear
  2595 | D:3      | Reached XP level 7. HP: 63/70 MP: 0/11
  2694 | D:3      | Learned a level 2 spell: Blink
  2698 | D:3      | Learned a level 3 spell: Call Canine Familiar
  2701 | D:3      | Learned a level 2 spell: Call Imp
  3744 | D:4      | Reached skill level 7 in Maces & Flails
  3864 | D:4      | Reached skill level 1 in Translocations
  3951 | D:4      | Identified the +9 mace "Bereaner" {holy, Dex+3}
  3969 | D:4      | Reached skill level 1 in Summonings
  4572 | D:5      | Entered Level 5 of the Dungeon
  4742 | D:5      | Reached XP level 8. HP: 29/78 MP: 5/12
  4968 | D:5      | Found a sacrificial altar of Ru.
  5262 | D:5      | Found a runed translucent door.
  5262 | D:5      | Noticed bungle's ghost (weakling GnDe)
  5293 | D:5      | Killed bungle's ghost
  5353 | D:5      | Found a shadowy altar of Dithmenos.
  5530 | D:5      | Reached skill level 8 in Maces & Flails
  5598 | D:5      | Found a shimmering blue altar of Sif Muna.
  5600 | D:5      | Found an iron altar of Okawaru.
  5602 | D:5      | Found a white marble altar of Elyvilon.
  5603 | D:5      | Found a hide-covered altar of Uskayaw.
  5817 | D:6      | Found a staircase to the Ecumenical Temple.
  5856 | Temple   | Entered the Ecumenical Temple
  6197 | D:6      | Reached skill level 9 in Maces & Flails
  6198 | D:6      | Reached XP level 9. HP: 64/84 MP: 3/13
  6352 | D:6      | Noticed Menkaure
  6358 | D:6      | Killed Menkaure
  6879 | D:7      | Noticed Maggie
  6903 | D:7      | Killed Maggie
  6904 | D:7      | Reached skill level 10 in Maces & Flails
  7056 | D:7      | Noticed Pikel
  7415 | D:7      | Killed Pikel
  7416 | D:7      | Reached skill level 11 in Maces & Flails
  7416 | D:7      | Reached skill level 5 in Summonings
  7949 | D:7      | Reached XP level 10. HP: 44/92 MP: 12/14
  8357 | D:8      | Noticed Joseph
  8510 | D:8      | Found a stormy altar of Qazlal.
  8515 | D:8      | Found a radiant altar of Vehumet.
  8734 | D:8      | Killed Joseph
  8735 | D:8      | Reached skill level 12 in Maces & Flails
  8941 | D:8      | Learned a level 2 spell: Jinxbite
  8945 | D:8      | Learned a level 3 spell: Fugue of the Fallen
  8949 | D:8      | Learned a level 3 spell: Ozocubu's Armour
  9037 | D:8      | HP: 4/80 [wight/+0 battleaxe (7)]
  9562 | D:8      | Reached skill level 1 in Hexes
  9562 | D:8      | Reached skill level 1 in Ice Magic
  9564 | D:8      | Reached skill level 1 in Necromancy
 10112 | D:9      | Noticed a gargoyle
 10122 | D:9      | Killed a gargoyle
 10123 | D:9      | Reached skill level 5 in Spellcasting
 10213 | D:9      | Noticed a sixfirhy
 10222 | D:9      | HP: 3/87 [sixfirhy (11)]
 10222 | D:9      | Slain by a sixfirhy

Illustrated notes

Levels and vault maps discovered:
D:1:      amcnicky_arrival_double_pillar, layout_loops_cross, serial_shops,
          nicolae_shop_just_a_little_nook, shop, ebering_ecumenical_altar_mist
D:2:      layout_basic, uniq_jessica, uniq_robin
D:3:      layout_loops_ring, gup_sewer_entry_bubbles
D:4:      layout_basic
D:5:      layout_gridville, amcnicky_altar_gilded, mainiacjoe_overflow_alcove_3,
          nicolae_dithmenos_shadow_blocks, hellmonk_ghost_happy_afterlife
D:6:      minmay_spotlight, layout_rooms, minmay_temple_entry_stoned_glass,
          uniq_menkaure
D:7:      layout_gridville, uniq_pikel, uniq_maggie
D:8:      layout_gridville, grunt_qazlal_clouds, mainiacjoe_overflow_alcove_2,
          uniq_joseph
D:9:      layout_loops_corners, ebering_ghost_funeral_grove, serial_demonic,
          serial_demonic_c, serial_demonic_f, serial_demonic_f,
          serial_demonic_b, special_room [special_room_bee]
Temple:   minmay_temple_curvy_branch

Skill      XL: |  1  2  3  4  5  6  7  8  9 10 |
---------------+-------------------------------+-----
Fire Magic     | 3 4 |  4.0
Spellcasting   | 2 3 5 |  5.0
Maces & Flails | 4 5 6 7 9 11 12 | 12.0
Translocations | 2 3 |  3.0
Summonings     | 1 3 5 |  5.0
Hexes          | 1 |  1.9
Ice Magic      | 1 |  1.9
Necromancy     | 1 |  1.9
Fighting       | |  4.0

Action                     |  1- 3 |  4- 6 |  7- 9 | 10-12 || total
---------------------------+-------+-------+-------+-------++-------
  Melee: Mace              |    34 |    91 |   177 |    73 ||   375
         Headbutt          |     3 |     4 |    20 |    14 ||    41
   Cast: Scorch            |    13 |    24 |    50 |     3 ||    90
         Call Canine Famil |       |       |    15 |     3 ||    18
         Call Imp          |       |       |    17 |     3 ||    20
         Blink             |       |       |     3 |     4 ||     7
         Ozocubu's Armour  |       |       |       |     2 ||     2
         Fugue of the Fall |       |       |       |     2 ||     2
         Jinxbite          |       |       |       |     2 ||     2
    Use: Scroll            |       |     3 |    11 |     2 ||    16
         Potion            |       |       |     2 |       ||     2
   Stab: Distracted        |       |       |     1 |       ||     1
 Armour: Robe              |    31 |   120 |   148 |       ||   299
         Steam dragon scal |       |       |    59 |    68 ||   127
  Dodge: Dodged            |    24 |    54 |   122 |    29 ||   229
  Block: Kite shield       |       |    39 |     4 |       ||    43

Table legend: (Time is in decaauts)
 A = Elapsed time spent in this place.
 B = Non-inter-level travel time spent in this place.
 C = Inter-level travel time spent in this place.
 D = Time resting spent in this place.
 E = Time spent auto-exploring this place.
 F = Levels seen in this place.
 G = Mean time per level.
                   A        B        C        D        E       F      G
               +--------+--------+--------+--------+--------+-----+--------+
         Total |  10316 |  10040 |    276 |   2643 |   5744 |  11 |  937.8 |
       Dungeon |   9936 |   9660 |    276 |   2494 |   5625 |   9 | 1104.0 |
        Temple |     18 |     18 |      0 |      0 |     17 |   1 |   18.0 |
         Sewer |    361 |    361 |      0 |    149 |    102 |   1 |  361.0 |
               +--------+--------+--------+--------+--------+-----+--------+

Top non-repeatable levels by time:
     D:8: 1492 daAuts
     D:5: 1422 daAuts
     D:6: 1316 daAuts
     D:7: 1271 daAuts
     D:3: 1152 daAuts
     D:4: 1136 daAuts
     D:2: 1067 daAuts
     D:1: 967 daAuts
   Sewer: 361 daAuts
     D:9: 109 daAuts
  Temple: 18 daAuts
